Unix NetHack Version 5.0.0-0 post-release - last build May  4 2026 22:22:43 (774f63e81ad911689b3a0859ea89b322d5daca8d,branch:main).

Game began 2026-05-07 14:32:34, ended 2026-05-08 04:35:48.

246786432, lawful male human Samurai

              -------------                                           ------
              |...........|            -------                        |....|
 --------     |...........|           #......|                        |....|
 |......|     |...........|           #|.....|                        |..>.|
 |......|     |............#          #|......#              ####   ##.....|
 |.......#####............|#          #-------###     ----------#   # |....|
 |......|     -------------#  ###################e@###..........### # ---.--
 |.......######################          #       Z    |........|#####    #
 |......|                 ###            #       #####|..^..%.>|# #      #
 --------                 ###########    #           #.........|# #      ###
                          #---------.----#            |........-# #        #
                          #|..........^.-#            ----------#########  ##
                          #|............|                          #   -.---.-
                          #|............|                          ####|.....|
                          #|............|                              |.....|
                          #....<........|                              |.....|
                           --------------                              |.....|
                                                                       -------

246786432 the Ronin    St:14 Dx:15 Co:18 In:9 Wi:9 Ch:9  Lawful
Dlvl:3  $:111 HP:0(44) Pw:13(13) AC:3  Xp:4 T:2163  Hungry  

Latest messages:
 The dwarf misses!
 The gnome thrusts her dagger.
 The gnome hits!
 What do you want to throw? [$a-djkAE or ?*] d
 In what direction? 6
 You aren't wielding a bow, so you throw your arrow by hand.
 The ya hits the dwarf.
 The dwarf hits!
 The gnome thrusts her dagger.
 The gnome hits!
 You climb up the stairs.
 You see here a gunyoki.
 What do you want to throw? [$a-djkAE or ?*] ?
 Never mind.
 The grid bug bites!
 You avoid harm.
 You kill the grid bug!
 You descend the stairs.
 You kill the lichen!
 You climb up the stairs.
 You kill the gas spore!
 Boom!
 You are caught in the gas spore's explosion!
 You hit the floating eye!
 You are frozen by the floating eye's gaze!
 The dwarf zombie hits!
 The dwarf zombie hits!
 The dwarf zombie misses!
 The dwarf zombie hits!
 The dwarf zombie hits!
 The dwarf zombie just misses!
 The dwarf zombie hits!
 The dwarf zombie hits!
 The dwarf zombie hits!
 The dwarf zombie hits!
 The dwarf zombie hits!
 The dwarf zombie hits!
 The dwarf zombie hits!
 The dwarf zombie hits!
 The dwarf zombie hits!
 You are beginning to feel hungry.
 The dwarf zombie hits!
 The dwarf zombie hits!
 The dwarf zombie hits!
 You die...
 Do you want your possessions identified? [ynq] (y) y
 Do you want to see your attributes? [ynq] (y) y
 Do you want an account of creatures vanquished? [ynaq] (y) y
 Do you want to see your conduct and achievements? [ynq] (y) y
 Do you want to see the dungeon overview? [ynq] (y) y

Inventory:
 Coins    ('$')
  $ - 111 gold pieces
 Weapons  (')')
  d - 16 +0 ya (in quiver)
  c - a +0 yumi (alternate weapon; not wielded)
  E - 5 blessed +2 darts
  j - a blessed +1 dart
  k - 6 +0 darts
  A - 5 rusty +0 darts
  a - a +0 katana
  b - a +0 wakizashi
 Armor    ('[')
  r - an uncursed +0 pair of kicking boots (being worn)
  e - an uncursed rustproof +0 splint mail (being worn)
 Comestibles  ('%')
  u - an uncursed apple
  f - an uncursed cream pie
  w - a cursed gunyoki
  i - an uncursed tripe ration
 Scrolls  ('?')
  G - an uncursed scroll of blank paper
  v - an uncursed scroll of create monster
  D - an uncursed scroll of enchant weapon
  p - an uncursed scroll of identify
  C - an uncursed scroll of light
  B - an uncursed scroll of remove curse
 Potions  ('!')
  h - a cursed potion of fruit juice
  m - an uncursed potion of monster detection
 Wands    ('/')
  o - a wand of secret door detection (0:14)
 Tools    ('(')
  g - an uncursed skeleton key
 Boulders/Statues  ('`')
  F - an empty uncursed statue of a homunculus

246786432 the Samurai's attributes:

Background:
 You were a Ronin, a level 4 male human Samurai.
 You were lawful, on a mission for Amaterasu Omikami
 who was opposed by Raijin (neutral) and Susanowo (chaotic).
 You were left-handed.
 You were in the Dungeons of Doom, on level 3.
 You entered the dungeon 2163 turns ago.
 It was nighttime.
 You had 132 experience points, 28 more were needed to attain level 5.

Basics:
 You had 0 out of 44 hit points.
 You had all 13 energy points (spell power).
 Your armor class was 3.
 Your wallet contained 111 zorkmids.
 Autopickup was off.

Final Characteristics:
 Your strength was 14 (peak:15, limit:18/100).
 Your dexterity was 15 (limit:18).
 Your constitution was 18 (limit:18).
 Your intelligence was 9 (limit:18).
 Your wisdom was 9 (limit:18).
 Your charisma was 9 (limit:18).

Final Status:
 You were hungry.
 You were unencumbered.
 You were bare handed.
 You had basic skill with martial arts.

Final Attributes:
 You were piously aligned.
 You were warded.
 You were fast.
 You are dead.

Miscellaneous:
 You didn't encounter any bones levels.
 Total elapsed playing time was 47 minutes and 52 seconds.

Major events:
 Turn
    1: 246786432 the lawful male human Samurai entered the dungeon
  832: entered the Gnomish Mines
 1089: attained the rank of Ronin (level 3)
 2163: killed by a dwarf zombie, while frozen by a floating eye's gaze

You didn't know any spells.

Skills:
 Fighting Skills
   martial arts      [Basic]
   two weapon combat [Unskilled]
   riding            [Unskilled]
 Weapon Skills
   dagger            [Unskilled]
   knife             [Unskilled]
   short sword       [Basic]
   broadsword        [Unskilled]
   long sword        [Basic]
   two-handed sword  [Unskilled]
   saber             [Unskilled]
   flail             [Unskilled]
   quarterstaff      [Unskilled]
   polearms          [Unskilled]
   spear             [Unskilled]
   lance             [Unskilled]
   bow               [Basic]
   shuriken          [Unskilled]
 Spellcasting Skills
   attack spells     [Unskilled]
   divination spells [Unskilled]
   clerical spells   [Unskilled]

Voluntary challenges:
 Character rerolling was not enabled.
 You were illiterate.
 You never genocided any monsters.
 You never polymorphed an object.
 You never changed form.
 You used no wishes.
Achievements:
 You entered a shop.
 You entered the Gnomish Mines.
 You attained the rank of Ronin.

 The Dungeons of Doom: levels 1 to 5
    Level 1:
       A fountain, a grave.
    Level 2:
       A scroll shop.
    Level 3: <- You were here.
       Stairs down to The Gnomish Mines.
       Final resting place for
          you, killed by a dwarf zombie, while frozen by a floating eye's gaze.
    Level 4:
       A fountain.
    Level 5:
 The Gnomish Mines:
    Level 4:


Vanquished creatures:
  a gnome leader
  a kitten
  2 homunculi
  a giant bat
 an orc zombie
  2 iguanas
  a gas spore
  a large kobold
  2 gnomes
  a gnome zombie
  2 geckos
  3 jackals
  a goblin
  7 grid bugs
  3 lichens
  2 kobold zombies
 10 newts
41 creatures vanquished.

No species were genocided or became extinct.

Game over:
                       ----------
                      /          \
                     /    REST    \
                    /      IN      \
                   /     PEACE      \
                  /                  \
                  |    246786432     |
                  |      111 Au      |
                  |   killed by a    |
                  |   dwarf zombie   |
                  |                  |
                  |                  |
                  |       2026       |
                 *|     *  *  *      | *
        _________)/\\_//(\/(/\)/\//\/|_)_______

Sayonara 246786432 the Samurai...

You died in The Dungeons of Doom on dungeon level 3 with 828 points,
and 111 pieces of gold, after 2163 moves.
You were level 4 with a maximum of 44 hit points when you died.

